Helena, neutral female human Healer ------- ---------- |.....| |........| |...).| ############@# |.......<| `|......#%# |........+ ####-.....| # ---|------ ###------- # # # ### ### # # # ### # # # ## # -----|-# |.....|# |.....-# |.....| |.....| ------- Helena the Empiric Experience level: 3 Strength: 8 Dexterity: 10 Constitution: 12 Intelligence: 11 Wisdom: 17 Charisma: 17 Health: 24(28) Energy: 17(17) Def: 2 Gold: 1741 Moves: 1377 Dungeon seed: iiZhSW7S38ohbGHz Game ID: Helena_1527618473 Your Inventory: Coins $ - 1741 gold pieces Weapons a - an uncursed +0 scalpel (weapon in hand) v - an uncursed +0 dart C - an uncursed +0 sling Armor e - an uncursed +1 pair of leather gloves (being worn) Comestibles l - 7 blessed eucalyptus leaves m - 3 blessed sprigs of wolfsbane o - 2 blessed cloves of garlic p - 5 uncursed apples A - an uncursed cram ration F - an uncursed food ration Scrolls q - a cursed scroll of magic mapping s - an uncursed scroll of teleportation y - a cursed scroll of light z - a cursed scroll of enchant armor Spellbooks i - a blessed spellbook of healing j - a blessed spellbook of extra healing k - a blessed spellbook of stone to flesh Potions c - 2 uncursed potions of healing d - a blessed potion of healing f - a blessed potion of extra healing g - 3 uncursed potions of extra healing w - an uncursed potion of levitation E - an uncursed potion of gain energy Wands h - a blessed wand of sleep (0:6) x - an uncursed wand of enlightenment (0:10) D - an uncursed wand of enlightenment (0:12) Tools b - an uncursed stethoscope B - 4 uncursed tallow candles (0:200) Spells and supernatural/magical abilities: Name Level Category Fail Memory h - healing 1 healing 0% 94% x - extra healing 3 healing 20% 94% S - stone to flesh 3 healing 35% 94% W - pray for help -- divine ? -- Your skills at the end: Miscellaneous Skills wands [Basic] Weapon Skills knife [Basic] Spellcasting Skills healing spells [Basic] Final Attributes: You were devoutly aligned. You were poison resistant. Your writing hand was ok. You were stealthy. You were lucky. You survived. Vanquished creatures: an iguana 2 coyotes 3 hobbits a gecko a hobgoblin a kobold 8 newts 4 grid bugs 2 lichens 23 creatures vanquished. Voluntary challenges: You did not adorn yourself with jewelry or accessories. You did not cause conflict. You were not invisible. You did not have reflection. You were not displaced. You were an atheist. You used a wielded weapon 44 times, starting on turn 17. You did not use tools. You did not use plumbed fixtures. You read items or engraved 1 time, starting on turn 414. You never genocided any monsters. You never polymorphed an object. You never changed form. You used no wishes. You never split a pudding. You never wrote Elbereth's name. You never violated your personal moral code. Dungeon overview: The Dungeons of Doom: levels 1 to 4 Level 1 (T) some fountains a long staircase Level 2 a fountain Level 3 a fountain Level 4 <- You were here History has recorded: On T:1 you entered the Dungeons of Doom to retrieve the Amulet of Yendor! On T:389 you reached level 2 of The Dungeons of Doom. On T:716 you reached level 3 of The Dungeons of Doom. On T:852 you advanced to experience level 2. On T:1278 you reached level 4 of The Dungeons of Doom. On T:1299 you advanced to experience level 3. Score breakdown: Gold: 258 ( 25 points) Experience: 3 levels ( 200 points) Exploration: 4 levels ( 90 points) Discoveries: 1 item ( 50 points) Variety of kills: 9 monsters ( 450 points) Major goal: (nothing yet) ( 0 points) Survival: quit (score multiplied by 3) Total score: 2445 Latest messages: The door resists! The door opens. The door resists! (2x) The door opens. You finish searching. You hear the chime of a cash register. You kill the lichen! The door resists! The door opens. You hack the hobbit. The hobbit is moderately wounded. The hobbit punches you! You slash the hobbit. The hobbit is horribly wounded. The hobbit punches you! You kill the hobbit! There are a few objects here. This hobbit corpse tastes terrible! You finish eating the hobbit corpse. You stop running. You kill the newt! You see here a newt corpse. With great effort you move the boulder. To quit the game, use the 'save' command (typically on 'S'). (2x) Final status: Goodbye Helena the Healer, quit... You quit in The Dungeons of Doom on dungeon level 4 with 2445 points, and 1741 pieces of gold, after 1377 moves. You were level 3 with a maximum of 28 hit points when you quit.